 Dungeon Crawl Stone Soup version 0.32-a0-450-g080537f31e (webtiles) character file.

Game seed: 7379658994740697873

282 javelincjr the Trooper (level 6, -2/50 HPs)
             Began as a Demonspawn Monk on Feb 23, 2024.
             Was a Priest of Okawaru.
             Slain by a gnoll
             ... wielding a +1 halberd of venom
              (5 damage)
             ... on level 3 of the Dungeon.
             The game lasted 00:07:10 (2387 turns).

javelincjr the Trooper (Demonspawn Monk)            Turns: 2387, Time: 00:07:10

Health: -2/50      AC:  1    Str: 13    XL:     6   Next: 6%
Magic:  6/6        EV:  7    Int: 11    God:    Okawaru [***...]
Gold:   95         SH:  0    Dex: 15    Spells: 5/5 levels left

rFire   . . .        o - +2 dagger (venom)
rCold   . . .        d - orb {light}
rNeg    . . .        (no body armour)
rPois   .            (helmet restricted)
rElec   .            (no cloak)
rCorr   .            m - +0 pair of gloves
SInv    .            (no boots)
Will    .....        (no amulet)
Stlth   +            (no ring)
HPRegen 0.28/turn    (no ring)
MPRegen 0.10/turn

%: no passive effects
@: lethally poisoned (-2 -> -29), held, glowing
A: horns 1, condensation shield
a: Renounce Religion, Heroism


You were on level 3 of the Dungeon.
You worshipped Okawaru.
Okawaru was most pleased with you.
You visited 1 branch of the dungeon, and saw 3 of its levels.

You collected 95 gold pieces.

Inventory:

Hand Weapons
 a - a +0 hand axe
 k - a +3 short sword
 o - a +2 dagger of venom (weapon)
Missiles
 e - 37 stones (quivered)
Armour
 b - a +0 robe
 d - an orb of light (worn)
 j - a +0 scale mail
 m - a +0 pair of gloves (worn)
 s - the +1 leather armour of Digouch {Regen+}
   (You found it on level 3 of the Dungeon)

   Regen+:    It increases your rate of health regeneration.
Scrolls
 f - a scroll of torment {unknown}
 g - 4 scrolls of enchant weapon {unknown}
 h - a scroll of silence {unknown}
 i - 3 scrolls of identify {unknown}
 n - a scroll of noise {unknown}
 r - a scroll of teleportation {unknown}
Potions
 c - a potion of ambrosia
 l - 3 potions of might {unknown}
 p - a potion of heal wounds {unknown}
 q - a potion of curing {unknown}
 t - 2 potions of lignification {unknown}
 u - 2 potions of invisibility {unknown}


   Skills:
 * Level 4.9 Fighting
 + Level 1.9 Short Blades
 - Level 2.8 Axes
 + Level 2.1 Armour
 + Level 3.6 Dodging


You had 5 spell levels left.
You didn't know any spells.
Your spell library contained the following spells:

 Spells                   Type           Power      Damage    Failure   Level
 Necrotise                Necr           0%         1d4       34%         1
 Vampiric Draining        Necr           0%         2d6       71%         3
 Curse of Agony           Necr           0%         N/A       100%        5
 Martyr's Knell           Necr/Summ      Unusable   N/A       N/A         4

Dungeon Overview and Level Annotations

Branches:
Dungeon (3/15)

Altars:
Okawaru

Shops:
D:1 =


Innate Abilities, Weirdness & Mutations

You have a pair of small horns on your head.
A meltable shield of frost defends you. (SH +4)


Message History

The orc wizard shouts!
You closely miss the orc wizard. Your headbutt misses the orc wizard.
The orc wizard casts a spell.
The orc wizard flickers and vanishes for a moment.
The orc wizard hits you with a +0 dagger.
The frilled lizard bites you but does no damage.
You hit the orc wizard but do no damage.
The orc wizard barely misses you. The frilled lizard barely misses you.
You hit the orc wizard.
The orc wizard is poisoned.
You headbutt the orc wizard.
The orc wizard is heavily wounded.
The orc wizard misses you. The frilled lizard barely misses you.
The gnoll hits you from afar with a +1 halberd of venom!
You barely miss the orc wizard.
The orc wizard is heavily wounded.
You hit the orc wizard.
The orc wizard looks as sick as possible!
The orc wizard is almost dead.
You kill the orc wizard!
Okawaru accepts your kill.
The gnoll hits you from afar with a +1 halberd of venom.
You are poisoned.
The frilled lizard closely misses you.
You have reached level 6!
You hit the orc. You headbutt the orc.
You kill the orc!
Okawaru accepts your kill.
You feel sick.
The gnoll throws a throwing net.
The throwing net hits you.
You become entangled in the net!
The frilled lizard barely misses you.
The gnoll hits you from afar with a +1 halberd of venom!
You are lethally poisoned!
You tear a large gash into the net.
* * * LOW HITPOINT WARNING * * *
You feel extremely sick. The orc hits you with a +0 hand axe.
* * * LOW HITPOINT WARNING * * *
The gnoll barely misses you. The frilled lizard bites you.
* * * LOW HITPOINT WARNING * * *
The gnoll hits you from afar with a +1 halberd of venom.
You die...

##............##
.รท..)..#.#.....#
....... ..).........##.#
....... .<#.##.......#.#
....... ..#.##.[##.#.#.#
....... ..#.#..........#
.......
........##.#.#.##og.....
...........#.#..#lo.....
................@gg.>...
....#...#......o##....##
........#..#.##.. ...#
...........#...... ..#
...)..###..#.#..... .#
........ ... #..##.. #
#..#.........#..# ...
.....#..........
...#.#........


You could see an orc wizard (invisible), 3 gnolls, 2 orcs and a frilled lizard.

Vanquished Creatures
  Sigmund (D:3)
  An orc wizard (D:3)
  An adder (D:2)
  A ribbon worm (D:2)
  3 dart slugs
  An orc (D:3)
  A ball python (D:2)
  6 endoplasms
  4 giant cockroaches
  8 goblins
  4 hobgoblins
  13 jackals
  6 kobolds
  7 quokkas
  2 bats (D:2)
  A frilled lizard (D:3)
  6 rats
66 creatures vanquished.

Notes
Turn   | Place    | Note
-------+----------+-------------------------------------------
     0 | D:1      | javelincjr the Demonspawn Monk began the quest for the Orb.
     0 | D:1      | Reached XP level 1. HP: 18/18 MP: 1/1
   116 | D:1      | Gained mutation: A meltable shield of frost defends you.
                  | (SH +4) [demonic ancestry]
   116 | D:1      | Reached XP level 2. HP: 23/24 MP: 2/2
   291 | D:1      | Found a faded altar of an unknown god.
   302 | D:1      | Prayed at the altar of an unknown god.
   302 | D:1      | Became a worshipper of Warmaster Okawaru
   302 | D:1      | Reached * piety under Okawaru
   302 | D:1      | Reached ** piety under Okawaru
   442 | D:1      | Found Nukost's Jewellery Shoppe.
   998 | D:2      | Reached XP level 3. HP: 25/29 MP: 3/3
  1058 | D:2      | Reached skill level 1 in Armour
  1086 | D:2      | Reached *** piety under Okawaru
  1619 | D:2      | Reached XP level 4. HP: 26/37 MP: 4/4
  1746 | D:2      | Reached skill level 4 in Fighting
  2116 | D:3      | Noticed Sigmund
  2145 | D:3      | Killed Sigmund
  2146 | D:3      | Reached skill level 1 in Short Blades
  2146 | D:3      | Gained mutation: You have a pair of small horns on your
                  | head. [demonic ancestry]
  2146 | D:3      | Reached XP level 5. HP: 33/43 MP: 3/5
  2290 | D:3      | Identified the +1 leather armour of Digouch {Regen+}
  2386 | D:3      | Reached XP level 6. HP: 35/50 MP: 6/6
  2387 | D:3      | Slain by a gnoll

Illustrated notes

Levels and vault maps discovered:
D:1:      saegor_arrival_fortress, layout_loops_ring,
          hellmonk_ecumenical_altar_slurped_away, serial_shops,
          nicolae_shop_waterfront, st_stairs_13, minmay_misc_feat_hallway,
          minmay_cut_off
D:2:      layout_basic, palyth_stone_intersect, kennysheep_generic_room_14
D:3:      layout_basic, uniq_sigmund, uniq_jessica

Skill      XL: |  1  2  3  4 |
---------------+-------------+-----
Armour         | 1 2 |  2.1
Dodging        | 3 |  3.6
Fighting       | 4 |  4.9
Short Blades   | 1 |  1.9
Axes           | |  2.8

Action                     |  1- 3 |  4- 6 || total
---------------------------+-------+-------++-------
  Melee: Hand axe          |    37 |       ||    37
         Short sword       |   100 |       ||   100
         Dagger            |     8 |    46 ||    54
         Headbutt          |       |     9 ||     9
  Throw: Stone             |       |     2 ||     2
 Invoke: Heroism           |       |     1 ||     1
 Armour: Robe              |    61 |    15 ||    76
         Skin              |       |     8 ||     8
  Dodge: Dodged            |   103 |    34 ||   137

Table legend: (Time is in decaauts)
 A = Elapsed time spent in this place.
 B = Non-inter-level travel time spent in this place.
 C = Inter-level travel time spent in this place.
 D = Time resting spent in this place.
 E = Time spent auto-exploring this place.
 F = Levels seen in this place.
 G = Mean time per level.
                   A        B        C        D        E       F      G
               +--------+--------+--------+--------+--------+-----+--------+
         Total |   2384 |   2329 |     55 |      0 |   1901 |   3 |  794.7 |
       Dungeon |   2384 |   2329 |     55 |      0 |   1901 |   3 |  794.7 |
               +--------+--------+--------+--------+--------+-----+--------+

Top non-repeatable levels by time:
     D:2: 1183 daAuts
     D:1: 919 daAuts
     D:3: 281 daAuts
